 Dungeon Crawl Stone Soup version 0.21.1-1-g345015f (webtiles) character file.

394 diana the Magician (level 6, -2/32 HPs)
             Began as a Deep Elf Summoner on May 30, 2018.
             Splashed by a jelly's acid (7 damage)
             ... on level 6 of the Dungeon.
             The game lasted 00:11:12 (3260 turns).

diana the Magician (Deep Elf Summoner)              Turns: 3260, Time: 00:11:13

Health: -2/32      AC:  1    Str:  5    XL:     6   Next: 52%
Magic:  15/18      EV: 13    Int: 22    God:
Gold:   166        SH:  0    Dex: 15    Spells: 14/20 levels left

rFire    . . .     SeeInvis .   d - +4 dagger (protect)
rCold    . . .     Gourm    .   (no shield)
rNeg     . . .     Faith    .   a - +0 robe
rPois    .         Spirit   .   (no helmet)
rElec    .         Reflect  .   (no cloak)
rCorr    .         Harm     .   (no gloves)
MR       +....                  (no boots)
Stlth    +++.......             (no amulet)
HPRegen  0.10/turn              l - ring of protection from magic
MPRegen  0.16/turn              p - ring of stealth

@: corroded, protection aura
A: no striking features
a: no special abilities


You were on level 6 of the Dungeon.
You were very hungry.

You visited 1 branch of the dungeon, and saw 4 of its levels.

You collected 166 gold pieces.

Inventory:

Hand Weapons
 d - a +4 dagger of protection (weapon)
 q - a +0 quarterstaff
Armour
 a - a +0 robe (worn)
Jewellery
 l - a ring of protection from magic (left hand)
 m - an uncursed ring of flight
 p - a ring of stealth (right hand)
Scrolls
 e - a scroll of remove curse {unknown}
 g - a scroll of identify {unknown}
 i - 2 scrolls of teleportation {unknown}
 o - a scroll of blinking {unknown}
Potions
 f - 2 potions of haste {unknown}
 h - a potion of heal wounds {unknown}
 k - 3 potions of curing {unknown}
 n - a potion of brilliance {unknown}
 r - a potion of lignification {unknown}
Books
 b - a book of Callings

   Spells                             Type                      Level
   a - Summon Small Mammal            Summoning                    1
   b - Call Imp                       Summoning                    2
   c - Call Canine Familiar           Summoning                    3
   d - Summon Guardian Golem          Hexes/Summoning              3
   e - Summon Lightning Spire         Summoning/Air                4
   f - Summon Ice Beast               Ice/Summoning                4
 j - a book of Maledictions

   Spells                             Type                      Level
   a - Corona                         Hexes                        1
   b - Ensorcelled Hibernation        Hexes/Ice                    2
   c - Confuse                        Hexes                        3
   d - Tukima's Dance                 Hexes                        3
   e - Dazzling Spray                 Conjuration/Hexes            3
Comestibles
 c - 3 rations


   Skills:
 + Level 0.0 Staves
 - Level 2.4 Dodging
 - Level 2.4 Stealth
 * Level 7.8 Spellcasting
 + Level 6.1 Summonings


You had 14 spell levels left.
You knew the following spells:

 Your Spells              Type           Power        Failure   Level  Hunger
a - Summon Small Mammal   Summ           ####         1%          1    None
b - Call Imp              Summ           #####...     1%          2    None
c - Call Canine Familiar  Summ           #####...     1%          3    None


Dungeon Overview and Level Annotations

Branches:
Dungeon (3/15)

Altars:
The Shining One


Message History

The jelly quivers.
You hit the jelly.
Your weapon exudes an aura of protection.
Your hands burn!
The jelly is lightly wounded.
The orc shouts!
You hit the jelly. The acid corrodes you!
Your hands burn!
The jelly is heavily wounded.
The jelly closely misses you.
You hit the jelly. The acid corrodes you!
Your hands burn!
The jelly is severely wounded.
The jelly hits you.
You are splashed with acid!
The acid burns!
* * * LOW HITPOINT WARNING * * *
You are too injured to fight recklessly!
Casting: Call Imp
Confirm with . or Enter, or press ? or * to list all spells.
The jelly hits you.
* * * LOW HITPOINT WARNING * * *
You are splashed with acid!
The acid burns!
You die...

## #########.##
##...........
#........o...##.......
##.........# ..#.......
#.....J....# .........
#.....@h...# #........
#..........# #...<....
#....>.....# #........
#..........# #........
#..........# #........
#..........# ##........
#..........###.........
##.........#...........
#.....................


You could see a jelly, an orc and a friendly hound.

Vanquished Creatures
  A bullfrog (D:6)
  A howler monkey (D:3)
  A crimson imp (D:6)
  A hound zombie (D:6)
  2 adders (D:3)
  A shadow imp (D:6)
  A dart slug (D:1)
  An orc (D:6)
  3 giant cockroaches (D:2)
  7 hobgoblins
  2 jackals (D:2)
  4 kobolds (D:2)
  A quokka (D:2)
  4 bats
  2 frilled lizards (D:1)
  5 goblins
  4 rats
41 creatures vanquished.

Vanquished Creatures (collateral kills)
  The ghost of microfolk the Cutter, an amateur KoBe of Trog (D:3)
  A bullfrog (D:6)
  A hound (D:6)
  An iguana (D:6)
  A worker ant (D:6)
  An adder (D:6)
  A worm (D:2)
  A giant cockroach (D:6)
  3 goblins
  A hobgoblin (D:1)
  5 jackals
  2 frilled lizards
  2 kobolds (D:1)
  3 rats
24 creatures vanquished.

Grand Total: 65 creatures vanquished

Notes
Turn   | Place    | Note
-------+----------+-------------------------------------------
     0 | D:1      | diana the Deep Elf Summoner began the quest for the Orb.
     0 | D:1      | Reached XP level 1. HP: 10/10 MP: 6/6
   690 | D:1      | Reached XP level 2. HP: 15/15 MP: 8/8
  1040 | D:1      | Reached skill level 4 in Spellcasting
  1230 | D:2      | Reached XP level 3. HP: 15/19 MP: 10/10
  1250 | D:2      | Learned a level 2 spell: Call Imp
  1441 | D:2      | Found a glowing golden altar of the Shining One.
  1811 | D:2      | Learned a level 3 spell: Call Canine Familiar
  2047 | D:3      | Noticed microfolk's ghost (amateur KoBe)
  2156 | D:3      | Killed microfolk's ghost
  2156 | D:3      | Reached skill level 6 in Spellcasting
  2156 | D:3      | Reached skill level 5 in Summonings
  2156 | D:3      | Reached XP level 4. HP: 18/24 MP: 1/14
  2156 | D:3      | Reached XP level 5. HP: 22/28 MP: 1/15
  2377 | D:3      | You fall through a shaft for 3 floors!
  2387 | D:6      | Reached skill level 7 in Spellcasting
  2526 | D:6      | Reached XP level 6. HP: 15/32 MP: 18/18
  3260 | D:6      | Splashed by a jelly's acid

Skill      XL: |  1  2  3  4  5  6 |
---------------+-------------------+-----
Spellcasting   | 4 6 7 |  7.8
Summonings     | 5 6 |  6.1
Dodging        | |  2.4
Stealth        | |  2.4

Action                   |  1- 3 |  4- 6 || total
-------------------------+-------+-------++-------
Melee: Dagger            |    76 |    58 ||   134
       Unarmed           |     7 |       ||     7
 Cast: Summon Small Mamm |    22 |       ||    22
       Call Imp          |     8 |     3 ||    11
       Call Canine Famil |     2 |     6 ||     8
 Stab: Sleeping          |    11 |     5 ||    16
  Eat: Chunk             |     3 |     3 ||     6
Armor: Robe              |    11 |    16 ||    27
Dodge: Dodged            |    48 |    31 ||    79
